 Dungeon Crawl Stone Soup version 0.20.0-14-g326068f (webtiles) character file.

9 theemperora the Conjurer (level 2, 0/13 HPs)
             Began as a Vine Stalker Conjurer on June 8, 2017.
             Slain by a ball python (1 damage)
             ... on level 1 of the Dungeon.
             The game lasted 00:06:40 (510 turns).

theemperora the Conjurer (Vine Stalker Conjurer)     Turns: 510, Time: 00:06:41

Health: 0/13       AC:  2    Str: 10    XL:     2   Next: 16%
Magic:  0/6        EV:  9    Int: 15    God:
Gold:   45         SH:  0    Dex: 14    Spells: 2/5 levels left

rFire    . . .     SeeInvis .   f - +0 dagger
rCold    . . .     Gourm    .   (no shield)
rNeg     . . .     Faith    .   a - +0 robe
rPois    .         Spirit   +   (no helmet)
rElec    .         Reflect  .   k - scarf {Spirit}
rCorr    .         Harm     .   (no gloves)
MR       .....                  (no boots)
Stlth    ++........             (no amulet)
Regen    0.1/turn               (no ring)
MPRegen  0.1/turn               (no ring)

@: constricted
A: fangs 2, magic shield, antimagic bite, no potion heal 3, rot immunity
a: no special abilities


You were on level 1 of the Dungeon.
You were not hungry.

You visited 1 branch of the dungeon, and saw 1 of its levels.

You collected 45 gold pieces.

Inventory:

Hand Weapons
 f - a +0 dagger (weapon)
 i - a +0 dagger
 l - a +0 club
Missiles
 g - 33 stones (quivered)
 h - 12 bolts
 m - 8 tomahawks
Armour
 a - a +0 robe (worn)
 k - a scarf of spirit shield (worn)
Scrolls
 d - a scroll of amnesia {unknown}
 e - a scroll of fog {unknown}
 j - a scroll of remove curse {unknown}
Books
 b - a book of Conjurations

   Spells                             Type                      Level
   a - Magic Dart                     Conjuration                  1
   b - Searing Ray                    Conjuration                  2
   c - Dazzling Spray                 Conjuration/Hexes            3
   d - Fulminant Prism                Conjuration/Hexes            4
   e - Force Lance                    Conjuration/Translocation    4
   f - Iskenderun's Mystic Blast      Conjuration                  4
Comestibles
 c - a bread ration


   Skills:
 + Level 1.6 Dodging
 + Level 2.4 Stealth
 + Level 0.2 Unarmed Combat
 + Level 2.3 Spellcasting
 + Level 4.3 Conjurations


You had 2 spell levels left.
You knew the following spells:

 Your Spells              Type           Power        Failure   Level  Hunger
a - Magic Dart            Conj           ##..         3%          1    #......
b - Searing Ray           Conj           ##....       5%          2    ###....


Dungeon Overview and Level Annotations

Branches:
Dungeon (1/15)

Altars:


Innate Abilities, Weirdness & Mutations

You have extremely sharp teeth.
When hurt, damage is shared between your health and your magic reserves.
Your bite disrupts and absorbs the magic of your enemies.
Potions cannot restore your health.
You are immune to rotting.


Message History

You closely miss the jackal. Your bite misses the jackal.
The jackal is almost dead.
The jackal bites you.
The ball python bites you but does no damage.
The ball python constricts you. The jackal barely misses you. x3
You hit the jackal but do no damage. Your bite misses the jackal.
The jackal is severely wounded.
The ball python bites you but does no damage.
The ball python constricts you. The jackal barely misses you.
The jackal closely misses you. x2; The jackal bites you.
* * * LOW HITPOINT WARNING * * *
The ball python bites you.
* * * LOW HITPOINT WARNING * * *
x2 The ball python constricts you.
You hit the jackal but do no damage. Your bite misses the jackal.
The jackal is severely wounded.
The jackal misses you.
The jackal bites you but does no damage.
The jackal barely misses you. The ball python bites you.
You die...

#.#........ .#.....#.#
#.#.#.#######..+........
'...#.........##........
#.#.#......#####........
#...'......'............
#####......#####'####..#
###........# #......#
.......########..S...#
.............##.@....#
....##.......##hhh...#
....##.......##......#
....##.......##..$...#
....######...........#
....# ...........# #####
......#.... .#§§§≈##
.....#..... .#§§§≈%# ...


You could see 3 jackals and a ball python.

Vanquished Creatures
  A dart slug (D:1)
  A giant cockroach (D:1)
  2 hobgoblins (D:1)
  A jackal (D:1)
  2 frilled lizards (D:1)
7 creatures vanquished.

Notes
Turn   | Place    | Note
-------+----------+-------------------------------------------
     0 | D:1      | theemperora the Vine Stalker Conjurer began the quest for the Orb.
     0 | D:1      | Reached XP level 1. HP: 9/9 MP: 4/4
   355 | D:1      | Reached XP level 2. HP: 11/13 MP: 1/6
   362 | D:1      | Learned a level 2 spell: Searing Ray
   510 | D:1      | Slain by a ball python

Action                   || total
-------------------------++-------
Melee: Dagger            ||    23
       Unarmed           ||     9
       Bite              ||     6
 Cast: Magic Dart        ||    10
       Searing Ray       ||     1
Armor: Robe              ||     7
Dodge: Dodged            ||    40
